 Dungeon Crawl Stone Soup version 0.25.0-9-g26727b657a (webtiles) character file.

Game seed: 17883739572782914502

6575 MisterFreud the Fighter (level 11, -3/91 HPs)
             Began as a Gnoll Wanderer on June 16, 2020.
             Was a Priest of Ru.
             Slain by a chaos spawn (13 damage)
             ... while paralysed by a chaos spawn
             ... on level 9 of the Dungeon.
             The game lasted 00:15:29 (8590 turns).

MisterFreud the Fighter (Gnoll Wanderer)            Turns: 8590, Time: 00:15:30

Health: -3/91      AC: 16    Str: 12    XL:     11   Next: 1%
Magic:  19/19      EV:  2    Int: 16    God:    Ru [***...]
Gold:   267        SH:  0    Dex: 19    Spells: 21/21 levels left

rFire    . . .     SeeInvis .   a - +3 quarterstaff
rCold    . . .     Gourm    .   (shield currently unavailable)
rNeg     . . .     Faith    .   k - +0 scale mail
rPois    +         Spirit   .   e - +0 helmet (curse)
rElec    .         Reflect  .   F - scarf {repulsion}
rCorr    .         Harm     .   j - +1 pair of gloves
MR       +....                  g - +4 pair of boots of Temperance {rPois Regen+}
Stlth    ++........             (no amulet)
HPRegen  0.65/turn              s - ring of protection from magic
MPRegen  0.16/turn              G - +4 ring of slaying

@: paralysed, hasted, lightly drained, repel missiles
A: distributed training, fangs 1, no ice magic, no necromancy magic, no
summoning magic, inexperienced 1, strong nose
a: Draw Out Power, Renounce Religion


You were on level 9 of the Dungeon.
You worshipped Ru.
Ru was most pleased with you.
You were not hungry.

You visited 1 branch of the dungeon, and saw 9 of its levels.

You collected 558 gold pieces.
You spent 291 gold pieces at shops.

Inventory:

Hand Weapons
 a - a +3 quarterstaff (weapon)
 b - a +0 hand crossbow
Missiles
 c - 81 bolts
 o - 3 curare-tipped darts (quivered)
 L - 4 atropa-tipped darts
Armour
 e - a cursed +0 helmet (worn)
 g - the +4 pair of boots of Temperance (worn) {rPois Regen+}
   (You found it on level 5 of the Dungeon)

   It protects you from poison.
   It increases your rate of regeneration.
 j - a +1 pair of gloves (worn)
 k - a +0 scale mail (worn)
 F - a scarf of repulsion (worn)
Jewellery
 n - an uncursed ring of flight
 s - a ring of protection from magic (left hand)
 t - an uncursed ring of poison resistance
 v - an uncursed ring of protection from fire
 y - an uncursed ring of resist corrosion
 G - a +4 ring of slaying (right hand)
 I - an uncursed ring of wizardry
Wands
 q - a wand of digging (17)
 x - a wand of polymorph (20)
 A - a wand of paralysis (12)
 E - a wand of flame (14)
Scrolls
 i - 3 scrolls of enchant armour
 m - 2 scrolls of blinking
 p - 4 scrolls of remove curse
 r - a scroll of teleportation
 u - a scroll of fear
 w - a scroll of fog
 z - a scroll of immolation {unknown}
 D - 2 scrolls of identify
Potions
 d - 4 potions of curing
 h - 2 potions of might
 l - 2 potions of ambrosia
 B - 2 potions of stabbing
 C - 4 potions of brilliance
 J - a potion of cancellation {unknown}
Comestibles
 f - 16 rations


   Skills:
 + Level 10.2(10.1) Fighting
 + Level 5.7(5.6) Short Blades
 + Level 5.7(5.6) Long Blades
 + Level 5.7(5.6) Axes
 + Level 5.7(5.6) Maces & Flails
 + Level 5.7(5.6) Polearms
 + Level 6.3(6.2) Staves
 + Level 5.7(5.6) Slings
 + Level 5.7(5.6) Bows
 + Level 5.7(5.6) Crossbows
 + Level 7.4(7.3) Throwing
 + Level 7.4(7.3) Armour
 + Level 5.7(5.6) Dodging
 + Level 6.2(6.1) Stealth
 + Level 5.7(5.6) Shields
 + Level 5.7(5.6) Unarmed Combat
 + Level 5.7(5.6) Spellcasting
 + Level 4.7(4.6) Conjurations
 + Level 4.7(4.6) Hexes
 + Level 4.7(4.6) Charms
   Level 0.0 Summonings
   Level 0.0 Necromancy
 + Level 4.7(4.6) Translocations
 + Level 4.7(4.6) Transmutations
 + Level 4.7(4.6) Fire Magic
   Level 0.0 Ice Magic
 + Level 4.7(4.6) Air Magic
 + Level 4.7(4.6) Earth Magic
 + Level 4.7(4.6) Poison Magic
 + Level 6.3(6.2) Invocations
 + Level 5.7(5.6) Evocations


You had 21 spell levels left.
You didn't know any spells.
Your spell library contained the following spells:

 Spells                   Type           Power        Failure   Level  Hunger
 Beastly Appendage        Tmut           ###...       9%          1    None
 Magic Dart               Conj           ###.         9%          1    None
 Blink                    Tloc           N/A          13%         2    #......
 Slow                     Hex            ###.....     13%         2    #......
 Sticks to Snakes         Tmut           ###.....     13%         2    #......
 Conjure Flame            Conj/Fire      ###.....     26%         3    ##.....
 Mephitic Cloud           Conj/Pois/Air  ###.....     26%         3    ##.....
 Spider Form              Tmut/Pois      ###.......   26%         3    ##.....
 Blade Hands              Tmut           ###.......   94%         5    ######.
 Call Imp                 Summ           Unusable     N/A         2    N/A
 Ice Form                 Ice/Tmut       Unusable     N/A         4    N/A

Dungeon Overview and Level Annotations

Branches:
Dungeon (9/15)             Temple (0/1) D:7
   Lair: D:8-11         Orc: D:9-12

Altars:
Ashenzari
Elyvilon
Fedhas
Kikubaaqudgha
Makhleb
Ru
Trog
Yredelemnul

Shops:
D:6 (**(


Innate Abilities, Weirdness & Mutations

Your experience applies equally to all skills.
You have very sharp teeth.
You cannot study or cast Ice magic.
You cannot study or cast Necromancy magic.
You cannot study or cast Summoning magic.
You are somewhat inexperienced. (-2 XL)
Your uncanny sense of smell can sniff out nearby items.


Message History

* * * LOW HITPOINT WARNING * * *
You can move again.
Unknown command.
You feel better. The chaos spawn hits you.
* * * LOW HITPOINT WARNING * * *
Unknown command.
You feel better.
The chaos spawn gores you but does no damage.
Evoke which item? (* to show all) (? for menu, Esc to quit)
Aiming: Paralyse
Press: ? - help, Shift-Dir - straight line, f - chaos spawn
Aim: a chaos spawn (lightly wounded, chance to defeat MR: 28%)
Okay, then.
Unknown command.
You feel yourself speed up. The chaos spawn gores you.
* * * LOW HITPOINT WARNING * * *
You suddenly lose the ability to move!
The chaos spawn completely misses you. The chaos spawn hits you!
You die...

######################
................@4†..#
#..#...#......#####..#
#..#...#..##.[# #..#
#..#...#..##..# #..#
#..#...#..##..# #hr#
#..#...#..##..# #.y#
#..#...#..##..# #..#
#..#...#..##..# #..#
#...#......# #..#


You could see a chaos spawn.

Vanquished Creatures
  Pikel (D:6)
  Joseph (D:8)
  Psyche (D:8)
  A queen bee (D:8)
  A hippogriff (D:9)
  A vampire (D:9)
  A wraith (D:7)
  Grum (D:9)
  2 chaos spawn (D:9)
  A water moccasin (D:9)
  2 orc warriors
  A sky beast (D:6)
  A black bear (shapeshifter) (D:9)
  An ogre (D:9)
  5 ice beasts
  2 necrophages
  4 wolves (D:8)
  A centaur (D:9)
  Blork the orc (D:5)
  5 bullfrogs
  2 scorpions
  A water moccasin skeleton (D:4)
  21 killer bees
  A wight (D:7)
  2 howler monkeys
  2 crimson imps
  2 bullfrog zombies
  8 human zombies (D:7)
  3 jellies
  A centaur zombie (D:7)
  5 hounds
  2 centaur skeletons
  2 orc priests
  2 orc wizards
  An iguana (D:5)
  5 worker ants
  A hound skeleton (D:4)
  Robin (D:3)
  5 gnolls
  A howler monkey skeleton (D:4)
  12 adders
  2 shadow imps
  3 worms
  3 dart slugs
  3 leopard geckos
  15 orcs
  4 bats
  5 giant cockroaches
  11 goblins
  8 hobgoblins
  3 jackals
  7 kobolds
  6 quokkas
  6 frilled lizards
  A jackal zombie (D:8)
  A leopard gecko skeleton (D:4)
  A leopard gecko zombie (D:5)
  A quokka zombie (D:8)
  7 rats
201 creatures vanquished.

Vanquished Creatures (others)
  4 slaves (D:6)
  2 bullfrogs
  A wight (D:7)
  An orc (D:6)
  A goblin (D:3)
  5 toadstools (D:1)
14 creatures vanquished.

Grand Total: 215 creatures vanquished

Notes
Turn   | Place    | Note
-------+----------+-------------------------------------------
     0 | D:1      | MisterFreud the Gnoll Wanderer began the quest for the Orb.
     0 | D:1      | MisterFreud set off with the following items: a +2
                  | quarterstaff, a +0 hand crossbow, 26 bolts, a potion of
                  | curing, a +0 robe, a ration
     0 | D:1      | Reached XP level 1. HP: 26/26 MP: 1/1
   212 | D:1      | Reached XP level 2. HP: 33/33 MP: 2/2
   481 | D:1      | Reached XP level 3. HP: 31/38 MP: 3/3
  1135 | D:2      | Reached skill level 1 in Invocations
  1198 | D:2      | Found a sacrificial altar of Ru.
  1206 | D:2      | Became a worshipper of Ru the Awakened
  1420 | D:2      | Found a burning altar of Makhleb.
  1921 | D:3      | Reached skill level 1 in Short Blades
  1921 | D:3      | Reached skill level 1 in Long Blades
  1921 | D:3      | Reached skill level 1 in Axes
  1921 | D:3      | Reached skill level 1 in Maces & Flails
  1921 | D:3      | Reached skill level 1 in Polearms
  1921 | D:3      | Reached skill level 1 in Slings
  1921 | D:3      | Reached skill level 1 in Bows
  1921 | D:3      | Reached skill level 1 in Crossbows
  1921 | D:3      | Reached skill level 1 in Dodging
  1921 | D:3      | Reached skill level 1 in Shields
  1921 | D:3      | Reached skill level 1 in Unarmed Combat
  1921 | D:3      | Reached skill level 1 in Spellcasting
  1921 | D:3      | Reached skill level 1 in Evocations
  2091 | D:3      | Reached XP level 4. HP: 45/45 MP: 5/5
  2333 | D:3      | Gained mutation: You are somewhat inexperienced. (-2 XL)
                  | [Ru sacrifice]
  2333 | D:3      | Reached XP level 3. HP: 38/38 MP: 4/4
  2333 | D:3      | Reached XP level 2. HP: 33/33 MP: 3/3
  2333 | D:3      | Reached * piety under Ru
  2333 | D:3      | Reached ** piety under Ru
  2377 | D:3      | Noticed Robin
  2829 | D:3      | Reached XP level 3. HP: 38/38 MP: 4/4
  2939 | D:4      | Reached skill level 1 in Conjurations
  2939 | D:4      | Reached skill level 1 in Hexes
  2939 | D:4      | Reached skill level 1 in Charms
  2939 | D:4      | Reached skill level 1 in Summonings
  2939 | D:4      | Reached skill level 1 in Necromancy
  2939 | D:4      | Reached skill level 1 in Translocations
  2939 | D:4      | Reached skill level 1 in Transmutations
  2939 | D:4      | Reached skill level 1 in Fire Magic
  2939 | D:4      | Reached skill level 1 in Ice Magic
  2939 | D:4      | Reached skill level 1 in Air Magic
  2939 | D:4      | Reached skill level 1 in Earth Magic
  2939 | D:4      | Reached skill level 1 in Poison Magic
  3104 | D:3      | Killed Robin
  3104 | D:3      | Reached XP level 4. HP: 39/45 MP: 5/5
  3203 | D:4      | Reached XP level 5. HP: 40/51 MP: 7/7
  3345 | D:4      | Found a bloodstained altar of Trog.
  3345 | D:4      | Found a white marble altar of Elyvilon.
  3346 | D:4      | Found a blossoming altar of Fedhas.
  3366 | D:4      | Found an ancient bone altar of Kikubaaqudgha.
  3643 | D:4      | Reached XP level 6. HP: 49/57 MP: 8/8
  3741 | D:4      | Reached skill level 5 in Throwing
  3741 | D:4      | Reached skill level 5 in Armour
  3932 | D:5      | Entered Level 5 of the Dungeon
  3958 | D:5      | Noticed an ice beast
  3967 | D:5      | Killed an ice beast
  3979 | D:5      | Noticed an ice beast
  3996 | D:5      | Killed an ice beast
  3996 | D:5      | Reached XP level 7. HP: 28/63 MP: 10/10
  4002 | D:5      | Got a pair of ancient boots
  4008 | D:5      | Identified the +4 pair of boots of Temperance {rPois
                  | Regen+} (You found it on level 5 of the Dungeon)
  4503 | D:5      | Reached skill level 9 in Fighting
  4603 | D:5      | Noticed Blork the orc
  4612 | D:5      | Killed Blork the orc
  4647 | D:5      | Found a shattered altar of Ashenzari.
  4964 | D:6      | Reached XP level 8. HP: 63/71 MP: 12/12
  4982 | D:6      | Found Yxuud Amay's Assorted Antiques.
  4985 | D:6      | Bought a long gold wand for 80 gold pieces
  4985 | D:6      | Bought a potion of curing for 60 gold pieces
  4988 | D:6      | Noticed Pikel
  5012 | D:6      | Killed Pikel
  5128 | D:6      | Gained mutation: You cannot study or cast Ice magic. [Ru
                  | sacrifice]
  5128 | D:6      | Gained mutation: You cannot study or cast Necromancy magic.
                  | [Ru sacrifice]
  5128 | D:6      | Gained mutation: You cannot study or cast Summoning magic.
                  | [Ru sacrifice]
  5128 | D:6      | Reached *** piety under Ru
  5345 | D:6      | Found Roxkuby's Antique Weapon Shoppe.
  5440 | D:6      | Reached XP level 9. HP: 76/76 MP: 14/14
  5445 | D:6      | Found Xanino's Assorted Antiques.
  5453 | D:6      | Bought a scroll labeled QAALU WIEPSOER for 22 gold pieces
  5453 | D:6      | Bought a twisted ruby ring for 110 gold pieces
  5453 | D:6      | Bought a puce potion for 19 gold pieces
  5579 | D:6      | Found Hutarphoo's Weapon Shop.
  5729 | D:7      | Found a staircase to the Ecumenical Temple.
  6312 | D:7      | Reached skill level 5 in Staves
  6362 | D:7      | Reached skill level 5 in Stealth
  6380 | D:7      | Found a basalt altar of Yredelemnul.
  6897 | D:8      | Noticed Joseph
  6920 | D:8      | Killed Joseph
  6920 | D:8      | Reached skill level 5 in Invocations
  6956 | D:8      | Reached XP level 10. HP: 78/84 MP: 15/17
  7064 | D:8      | Noticed Psyche
  7117 | D:8      | Killed Psyche
  7516 | D:9      | Reached skill level 5 in Short Blades
  7516 | D:9      | Reached skill level 5 in Long Blades
  7516 | D:9      | Reached skill level 5 in Axes
  7516 | D:9      | Reached skill level 5 in Maces & Flails
  7516 | D:9      | Reached skill level 5 in Polearms
  7516 | D:9      | Reached skill level 5 in Slings
  7516 | D:9      | Reached skill level 5 in Bows
  7516 | D:9      | Reached skill level 5 in Crossbows
  7516 | D:9      | Reached skill level 5 in Dodging
  7516 | D:9      | Reached skill level 5 in Shields
  7516 | D:9      | Reached skill level 5 in Unarmed Combat
  7516 | D:9      | Reached skill level 5 in Spellcasting
  7516 | D:9      | Reached skill level 5 in Evocations
  7665 | D:9      | Reached skill level 10 in Fighting
  8167 | D:9      | Noticed Grum
  8266 | D:9      | Killed Grum
  8529 | D:9      | Found the +7 mace of Variability {chain chaos}
  8574 | D:9      | Reached XP level 11. HP: 29/91 MP: 19/19
  8582 | D:9      | Paralysed by a chaos spawn for 4 turns
  8586 | D:9      | HP: 4/91 [chaos spawn (6)]
  8588 | D:9      | Paralysed by a chaos spawn for 6 turns
  8590 | D:9      | Slain by a chaos spawn

Illustrated notes

Levels and vault maps discovered:
D:1:      ldierk_walled_garden, layout_basic
D:2:      layout_loops_corners, lemuel_round_altar,
          nicolae_ru_sacrificial_ziggurat
D:3:      minmay_spotlight, layout_basic, first_ration, uniq_robin
D:4:      layout_cave_pools, nicolae_overflow_quartered_altars, moated_statue
D:5:      layout_gridville, ashenzari_altar_1, minmay_diced_spiral,
          uniq_blork_the_orc
D:6:      layout_loops_ring, serial_shops, shop, shop_fountains, shop,
          nicolae_shop_behind_doors, uniq_pikel
D:7:      layout_loops_ring, lemuel_mausoleum_altar_yredelemnul,
          minmay_temple_entry_overgrown
D:8:      layout_basic, glass_columns_a, uniq_psyche, uniq_joseph
D:9:      layout_long_grid, david_lair_generic, erik_orc_2, special_room
          [special_room_bee], david_nohive_1, minmay_guarded_unrand_variability,
          uniq_grum

Skill      XL: |  1  2  3  4  5  6  7  8  9 10 |
---------------+-------------------------------+-----
Invocations    | 1 2 3 4 5 6 |  6.3
Short Blades   | 1 2 3 4 5 |  5.7
Long Blades    | 1 2 3 4 5 |  5.7
Axes           | 1 2 3 4 5 |  5.7
Maces & Flails | 1 2 3 4 5 |  5.7
Polearms       | 1 2 3 4 5 |  5.7
Slings         | 1 2 3 4 5 |  5.7
Bows           | 1 2 3 4 5 |  5.7
Crossbows      | 1 2 3 4 5 |  5.7
Dodging        | 1 2 3 4 5 |  5.7
Shields        | 1 2 3 4 5 |  5.7
Unarmed Combat | 1 2 3 4 5 |  5.7
Spellcasting   | 1 2 3 4 5 |  5.7
Evocations     | 1 2 3 4 5 |  5.7
Conjurations   | 1 2 3 4 |  4.7
Hexes          | 1 2 3 4 |  4.7
Charms         | 1 2 3 4 |  4.7
Summonings     | 1 2 0 |  0.0
Necromancy     | 1 2 0 |  0.0
Translocations | 1 2 3 4 |  4.7
Transmutations | 1 2 3 4 |  4.7
Fire Magic     | 1 2 3 4 |  4.7
Ice Magic      | 1 2 0 |  0.0
Air Magic      | 1 2 3 4 |  4.7
Earth Magic    | 1 2 3 4 |  4.7
Poison Magic   | 1 2 3 4 |  4.7
Staves         | 3 4 5 6 |  6.3
Stealth        | 3 4 5 6 |  6.2
Throwing       | 5 6 7 |  7.4
Armour         | 5 6 7 |  7.4
Fighting       | 9 10 | 10.2

Action                   |  1- 3 |  4- 6 |  7- 9 | 10-12 || total
-------------------------+-------+-------+-------+-------++-------
Melee: Quarterstaff      |   132 |   114 |   344 |   242 ||   832
       Bite              |    12 |    17 |    53 |    26 ||   108
Invok: Sacrifice Experie |     1 |       |       |       ||     1
       Sacrifice Arcana  |       |       |     1 |       ||     1
       Reject Sacrifices |       |       |       |     1 ||     1
Evoke: Wand              |       |       |       |     1 ||     1
  Use: Scroll            |       |     2 |    10 |     4 ||    16
       Potion            |       |       |       |     6 ||     6
 Stab: Sleeping          |     4 |     1 |     5 |     1 ||    11
       Distracted        |       |     1 |     3 |       ||     4
       Paralysed         |       |       |       |     4 ||     4
       Invisible         |       |       |       |     1 ||     1
  Eat: Chunk             |     7 |     3 |     9 |     3 ||    22
       Ration            |       |       |       |     1 ||     1
Armor: Robe              |     5 |       |       |       ||     5
       Scale mail        |    61 |    46 |   149 |   203 ||   459
Dodge: Dodged            |    64 |    59 |   154 |   242 ||   519
       Repelled          |       |       |       |     6 ||     6
